 Dungeon Crawl Stone Soup version 0.17-a0-1210-g1e4f09d (webtiles) character file.

102 Zwobot the Ducker (level 4, -4/37 HPs)
             Began as a Merfolk Gladiator on June 3, 2015.
             Slain by 4thArraOfDagon's ghost (13 damage)
             ... on level 3 of the Dungeon.
             The game lasted 00:05:25 (1864 turns).

Zwobot the Ducker (Merfolk Gladiator)               Turns: 1864, Time: 00:05:26

Health: -4/37      AC:  4    Str: 15    XL:     4   Next: 78%
Magic:  4/4        EV: 15    Int:  7    God:
Gold:   98         SH:  0    Dex: 15    Spells: 0 memorised, 3 levels left

rFire  . . .     SeeInvis .     a - +0 trident
rCold  . . .     Clarity  .     b - +0 leather armour
rNeg   . . .     SustAt   .     (no shield)
rPois  .         Gourm    .     c - +0 helmet
rElec  .         Spirit   .     (no cloak)
rCorr  .         Warding  .     (no gloves)
rMut   .         Stasis   .     (no boots)
MR     .....                    (no amulet)
Stlth  +.........               (no ring)
                                (no ring)

@: not resistant to hostile enchantments, very unstealthy
A: change form in water, swift swim
a: no special abilities


You were on level 3 of the Dungeon.
You were not hungry.

You visited 1 branch of the dungeon, and saw 3 of its levels.

You collected 98 gold pieces.

Inventory:

Hand weapons
 a - a +0 trident (weapon)
Missiles
 d - 3 throwing nets
 n - 2 tomahawks
 q - 86 stones (quivered)
Armour
 b - a +0 leather armour (worn)
 c - a +0 helmet (worn)
 h - a +0 shield
Scrolls
 f - a scroll of recharging {unknown}
 m - a scroll of enchant armour {unknown}
 o - 2 scrolls of fog {unknown}
 s - a scroll of fear {unknown}
 t - a scroll of amnesia {unknown}
Potions
 j - a potion of curing
 k - a potion of heal wounds
 p - a potion of mutation
 r - a potion of flight
Comestibles
 e - 3 bread rations
 g - a slice of pizza
 i - 3 meat rations
 l - 6 chunks of flesh


   Skills:
 * Level 3.7 Fighting
 + Level 5.0 Polearms
 - Level 2.0 Throwing
 * Level 5.6 Dodging


You had 3 spell levels left.
You didn't know any spells.

Dungeon Overview and Level Annotations

Branches:
Dungeon (3/15)

Altars:
Ashenzari
Vehumet

Annotations:
D:3 4thArraOfDagon's ghost, weakling CeAK


Message History

4thArraOfDagon's ghost turns its malevolent gaze towards you.
Found an escape hatch in the ceiling.
There is a stone staircase leading down here.
Attack whom?
Press: ? - help, Dir - move target cursor, f - 4thArraOfDagon's ghost
Aim: 4thArraOfDagon's ghost You reach to attack!
You hit 4thArraOfDagon's ghost but do no damage. 4thArraOfDagon's ghost barely misses you. 4thArraOfDagon's ghost hits you! 4thArraOfDagon's ghost barely misses you. 4thArraOfDagon's ghost hits you!
There is an open door here. 4thArraOfDagon's ghost completely misses you.
You open the door. 4thArraOfDagon's ghost hits you!
* * * LOW HITPOINT WARNING * * *
4thArraOfDagon's ghost closely misses you.
There is an open door here. 4thArraOfDagon's ghost hits you!
You die...

......##.####.................#.
..............................'.
...#.#..........#####..#####.#.
#..........+ ##.## #.#
#..........# #..# #.#
#.#####+#..# #####.# #.## #)# #
<...#...#.# #... #.#
#.######...#.####... #.#
#..@W..'...'........
#.############...##.###...
#.#...[... #...##.###.#† #....#
######..##... ###..# ##.##...
#..# #..#... ######..# ##.#...
#.......+ #..... #####'#######
######....


You could see 4thArraOfDagon's ghost.

Vanquished Creatures
  Jessica (D:3)
  2 adders (D:3)
  An ooze (D:3)
  A worm (D:3)
  3 giant geckos
  An orc (D:3)
  5 bats
  3 giant cockroaches
  7 goblins
  8 hobgoblins
  8 kobolds
  A quokka (D:2)
  A ball python (D:1)
  4 rats
46 creatures vanquished.

Notes
Turn   | Place    | Note
--------------------------------------------------------------
     0 | D:1      | Zwobot the Merfolk Gladiator began the quest for the Orb.
     0 | D:1      | Reached XP level 1. HP: 16/16 MP: 1/1
   189 | D:1      | Reached XP level 2. HP: 23/23 MP: 2/2
   507 | D:1      | Found a shattered altar of Ashenzari.
   814 | D:2      | Reached XP level 3. HP: 28/28 MP: 3/3
   866 | D:2      | Found a radiant altar of Vehumet.
  1540 | D:3      | Reached skill level 5 in Dodging
  1625 | D:3      | Noticed Jessica
  1634 | D:3      | Killed Jessica
  1634 | D:3      | Reached XP level 4. HP: 31/35 MP: 4/4
  1723 | D:3      | Reached skill level 5 in Polearms
  1842 | D:3      | Noticed 4thArraOfDagon's ghost (weakling CeAK)
  1864 | D:3      | Slain by 4thArraOfDagon's ghost

Vault maps used:
D:1:      dpeg_arrival_line_fractal, serial_bayou_pond_c,
          minmay_misc_feat_roman, minivault_11, kennysheep_pointless_box,
          fountainhead, minmay_misc_feat_four_crosses, ashenzari_altar_1
D:2:      lemuel_crystal_altar, minmay_statues_item
D:3:      uniq_jessica

Action                   |  1- 3 |  4- 6 || total
-------------------------+-------+-------++-------
Melee: Trident           |   122 |    35 ||   157
Throw: Tomahawk          |     2 |       ||     2
       Stone             |     1 |       ||     1
  Use: Scroll            |     3 |     1 ||     4
 Stab: Sleeping          |     4 |       ||     4
  Eat: Chunk             |     2 |     1 ||     3
